 Dungeon Crawl Stone Soup version 0.19.1 (webtiles) character file.

14557 Gargoyl the Protected (level 12, -2/103 HPs)
             Began as a Ghoul Abyssal Knight on Dec 23, 2016.
             Was a High Priest of Lugonu.
             Slain by a hippogriff (5 damage)
             ... on level 2 of the Lair of Beasts.
             The game lasted 00:33:17 (14138 turns).

Gargoyl the Protected (Ghoul Abyssal Knight)       Turns: 14138, Time: 00:33:17

Health: -2/103     AC: 20    Str: 18    XL:     12   Next: 17%
Magic:  17/17      EV:  7    Int:  7    God:    Lugonu [*****.]
Gold:   657        SH:  0    Dex: 11    Spells: 0 memorised, 11 levels left

rFire  . . .     SeeInvis .     G - +2 battleaxe (venom)
rCold  + . .     Gourm    .     s - +0 plate armour
rNeg   + + +     Faith    +     (shield currently unavailable)
rPois  ∞         Spirit   .     k - +2 hat
rElec  .         Reflect  .     f - +2 cloak
rCorr  .         Harm     .     (no gloves)
MR     .....                    (no boots)
Stlth  ..........               h - amulet of faith
                                (no ring)
                                (no ring)

@: rotting
A: rotting body, claws 1, carnivore 3, cold resistance 1, negative energy
resistance 3, slow regeneration 1, torment resistance, unbreathing
a: Depart the Abyss, Bend Space, Banish, Corrupt, Enter the Abyss, Renounce
Religion


You were on level 2 of the Lair of Beasts.
You worshipped Lugonu.
Lugonu was extremely pleased with you.
You were not hungry.

You visited 2 branches of the dungeon, and saw 13 of its levels.
You visited the Abyss 1 time.
You also visited: Sewer.

You collected 657 gold pieces.

Inventory:

Hand Weapons
 a - a +1 hand axe
 r - a +3 hand axe
 v - a +0 war axe of chopping
 G - a +2 battleaxe of venom (weapon)
 J - a +0 broad axe
 K - a +3 hand axe of flaming
Missiles
 E - 18 tomahawks (quivered)
Armour
 f - a +2 cloak (worn)
 k - a +2 hat (worn)
 s - a +0 plate armour (worn)
Jewellery
 h - an amulet of faith (around neck)
 B - an uncursed amulet of the gourmand {unknown}
Wands
 b - a wand of confusion (29/48)
 m - a wand of lightning (3/15)
 q - a wand of acid (7/15)
 t - a wand of enslavement (4/24)
 A - a wand of polymorph (13/24)
 M - a wand of confusion (22/48)
 Q - a wand of lightning (6/15)
Scrolls
 e - 6 scrolls of teleportation
 j - 9 scrolls of remove curse
 p - 2 scrolls of fog
 D - a scroll of blinking
 N - 2 scrolls of identify
Potions
 d - a potion of flight {unknown}
 g - 4 potions of brilliance
 l - 3 potions of might {unknown}
 o - a potion of resistance {unknown}
 u - 2 potions of lignification
 w - a potion of ambrosia
 x - 2 potions of degeneration {unknown}
 z - 2 potions of invisibility {unknown}
 C - a potion of haste {unknown}
 H - a potion of agility {unknown}
 I - a potion of berserk rage {unknown}
 L - 2 potions of heal wounds
Books
 n - a book of Minor Magic

   Spells                             Type                      Level
   a - Magic Dart                     Conjuration                  1
   b - Blink                          Translocation                2
   c - Call Imp                       Summoning                    2
   d - Repel Missiles                 Charms/Air                   2
   e - Slow                           Hexes                        2
   f - Conjure Flame                  Conjuration/Fire             3
   g - Mephitic Cloud                 Conjuration/Poison/Air       3
 y - a book of Debilitation

   Spells                             Type                      Level
   a - Corona                         Hexes                        1
   b - Slow                           Hexes                        2
   c - Gell's Gravitas                Hexes/Translocation          3
   d - Inner Flame                    Hexes/Fire                   3
   e - Cause Fear                     Hexes                        4
   f - Leda's Liquefaction            Hexes/Earth                  4
 F - a book of Party Tricks

   Spells                             Type                      Level
   a - Summon Butterflies             Summoning                    1
   b - Apportation                    Translocation                1
   c - Lesser Beckoning               Translocation                3
   d - Tukima's Dance                 Hexes                        3
   e - Alistair's Intoxication        Transmutation/Poison         5
   f - Invisibility                   Hexes                        6
Comestibles
 c - 7 meat rations
 i - 5 slices of pizza
 O - a chunk of flesh
 P - a beef jerky


   Skills:
 + Level 8.5 Fighting
 + Level 10.4 Axes
 + Level 0.3 Throwing
 * Level 10.7 Armour
 + Level 2.3 Dodging
   Level 1.1 Shields
 * Level 8.8 Invocations


You had 11 spell levels left.
You didn't know any spells.

Dungeon Overview and Level Annotations

Branches:
Dungeon (11/15)            Temple (0/1) D:5            Lair (2/6) D:11
    Orc (0/2) D:10
  Swamp: Lair:2-4    Shoals: Lair:2-4     Snake: Lair:2-4    Spider: Lair:2-4

Altars:
Fedhas
Nemelex Xobeh
The Shining One
Beogh


Innate Abilities, Weirdness & Mutations

Your body is rotting away.
You thrive on raw meat.
You are immune to poison.
You have sharp fingernails.
You are carnivorous and can eat meat at any time.
Your flesh is cold resistant. (rC+)
You are immune to negative energy. (rN+++)
You regenerate slowly when monsters are visible.
You are immune to unholy pain and torment.
You can survive without breathing.


Message History

The komodo dragon bites you!
* * * LOW HITPOINT WARNING * * *
You closely miss the komodo dragon.
The komodo dragon is almost dead.
You slash the hippogriff!
The hippogriff is poisoned.
The hippogriff bites you but does no damage.
The hippogriff pecks you but does no damage.
The hippogriff barely misses you.
The komodo dragon bites you but does no damage.
You slice the komodo dragon!!
You kill the komodo dragon!
Lugonu accepts your kill.
Your plate armour prevents you from hitting the hippogriff.
The hippogriff bites you.
* * * LOW HITPOINT WARNING * * *
The hippogriff pecks you but does no damage.
The hippogriff claws you.
* * * LOW HITPOINT WARNING * * *
The hippogriff bites you.
You die...

. #........
........####........
........##..........
(.......#.#...........P. ..
........##.............. #..
......#....†............ ##..
.........#.............. ....
...........†H........... ....
............@........... ..._
..#P..................P......
##...#####.÷..<.....# .....
#...# ###......### .....
#...# ##....## .>... #..#
#####....## .... #...
#.........# ##.. ...
#.........# ##. ##.........##
##


You could see a hippogriff.

Vanquished Creatures
  A hydra (D:11)
  A hill giant (D:10)
  Pikel (D:4)
  A cyclops (D:9)
  5 spiny frogs
  A rime drake (Lair:2)
  3 komodo dragons
  A two-headed ogre (D:10)
  7 hippogriffs
  A spriggan (D:8)
  A wraith (D:10)
  7 yaks
  A wyvern (D:10)
  A basilisk (Lair:2)
  2 hungry ghosts
  A steam dragon (D:9)
  3 water moccasins
  A porcupine (Lair:2)
  6 orc warriors
  2 slaves (D:4)
  2 ice beasts
  5 phantoms
  A black bear (D:7)
  6 ogres
  A necrophage (D:8)
  6 centaurs
  2 crocodiles
  6 bullfrogs
  2 scorpions
  6 killer bees (D:9)
  4 howler monkeys
  2 centaur zombies (D:10)
  A crimson imp (D:7)
  A quasit (D:10)
  A bullfrog zombie (D:10)
  A jelly (D:8)
  7 orc priests
  4 hounds
  10 orc wizards
  A centaur skeleton (D:9)
  4 iguanas
  2 bullfrog skeletons
  Terence (D:3)
  Natasha (twice) (D:3)
  10 worker ants
  A hound zombie (D:8)
  A hound skeleton (D:9)
  Robin (D:2)
  A worker ant zombie (D:10)
  3 gnolls
  12 adders
  2 river rats (Sewer)
  2 shadow imps
  An ooze (D:2)
  4 adder zombies
  2 worms
  3 dart slugs
  4 leopard geckos
  46 orcs
  A bat skeleton (D:2)
  5 giant cockroaches
  19 goblins
  6 hobgoblins
  11 jackals
  6 quokkas
  4 ball pythons
  9 bats
  15 frilled lizards
  4 kobolds
  A leopard gecko zombie (D:9)
  21 rats
  3 fungi (D:11)
  3 plants
326 creatures vanquished.

Vanquished Creatures (others)
  The ghost of eXcel the Geomancer, a journeyman GrEE of Vehumet (Lair:2)
  The ghost of MirrMurr the Basher, a novice GrGl of Ashenzari (D:5)
  A gargoyle (D:11)
  A komodo dragon (Lair:1)
  A hornet (D:9)
  A hungry ghost (D:8)
  An orc warrior (D:8)
  A slave (D:5)
  A quasit (D:5)
  A jelly (D:5)
  An adder zombie (D:5)
  28 fungi (D:11)
  9 plants (D:11)
48 creatures vanquished.

Grand Total: 374 creatures vanquished

Notes
Turn   | Place    | Note
-------+----------+-------------------------------------------
     0 | Abyss:1  | Gargoyl the Ghoul Abyssal Knight began the quest for the Orb.
     0 | Abyss:1  | Reached XP level 1. HP: 19/19 MP: 1/1
   234 | Abyss:1  | Noticed a wraith
   307 | Abyss:3  | Found a shimmering altar of Xom.
   308 | Abyss:3  | Found a shimmering altar of Xom.
   318 | Abyss:3  | Noticed a worldbinder
   321 | Abyss:3  | Noticed an iron imp
   339 | Abyss:3  | Noticed a small abomination
   343 | Abyss:3  | Found a shimmering altar of Xom.
   356 | Abyss:3  | Noticed a wraith
   366 | Abyss:3  | Noticed a small abomination
   374 | D:1      | Escaped the Abyss
   561 | D:1      | Reached * piety under Lugonu
   657 | D:1      | Reached skill level 1 in Dodging
   714 | D:1      | Reached XP level 2. HP: 18/26 MP: 2/2
  1374 | D:2      | Reached XP level 3. HP: 21/31 MP: 3/3
  1404 | D:2      | Noticed Robin
  1423 | D:2      | Killed Robin
  1481 | D:2      | Reached ** piety under Lugonu
  1553 | D:2      | Reached XP level 4. HP: 36/39 MP: 4/4
  1651 | D:2      | You fall through a shaft!
  1703 | D:3      | Found a glowing drain.
  1708 | Sewer    | Entered a sewer
  1846 | Sewer    | Reached XP level 5. HP: 13/46 MP: 5/5
  2025 | Sewer    | Reached *** piety under Lugonu
  2433 | D:3      | Noticed Terence
  2455 | D:3      | Killed Terence
  2774 | D:2      | Reached XP level 6. HP: 47/52 MP: 7/7
  2983 | D:3      | Noticed Natasha
  2992 | D:3      | Killed Natasha
  3140 | D:3      | Noticed Natasha
  3166 | D:3      | Killed Natasha
  3366 | D:3      | Reached **** piety under Lugonu
  3441 | D:4      | Reached XP level 7. HP: 33/59 MP: 8/8
  3847 | D:4      | Found a glowing golden altar of the Shining One.
  4012 | D:5      | Entered Level 5 of the Dungeon
  4012 | D:5      | Found a staircase to the Ecumenical Temple.
  4012 | D:5      | Noticed MirrMurr's ghost (novice GrGl)
  4015 | D:5      | Noticed Pikel
  4320 | D:4      | Killed Pikel
  4320 | D:4      | Reached skill level 5 in Fighting
  4320 | D:4      | Reached skill level 5 in Axes
  4320 | D:4      | Reached XP level 8. HP: 33/68 MP: 8/10
  4495 | D:5      | Banished MirrMurr's ghost
  4495 | D:5      | Reached skill level 5 in Armour
  4890 | D:5      | Found a sparkling altar of Nemelex Xobeh.
  5969 | D:7      | Reached XP level 9. HP: 62/74 MP: 11/11
  5988 | D:7      | Reached skill level 5 in Invocations
  7706 | D:8      | Reached XP level 10. HP: 84/84 MP: 13/13
  7945 | D:8      | Reached ***** piety under Lugonu
  8283 | D:9      | Identified a scroll of acquirement
  9029 | D:9      | Noticed a cyclops
  9282 | D:9      | Killed a cyclops
  9282 | D:9      | Reached skill level 1 in Shields
  9638 | D:10     | Entered Level 10 of the Dungeon
  9656 | D:10     | Noticed a hill giant
  9670 | D:10     | Killed a hill giant
 10284 | D:10     | Reached XP level 11. HP: 44/91 MP: 15/15
 10922 | D:10     | Found a staircase to the Orcish Mines.
 11231 | D:10     | Found a roughly hewn altar of Beogh.
 11977 | D:11     | Noticed an eight-headed hydra
 12005 | D:11     | Killed a one-headed hydra
 12476 | D:11     | Found a staircase to the Lair.
 12797 | D:11     | Reached skill level 10 in Armour
 12979 | Lair:1   | Entered Level 1 of the Lair of Beasts
 13854 | Lair:2   | Reached skill level 10 in Axes
 14010 | Lair:2   | Reached XP level 12. HP: 85/103 MP: 17/17
 14023 | Lair:2   | Found a blossoming altar of Fedhas.
 14042 | Lair:2   | Noticed eXcel's ghost (journeyman GrEE)
 14062 | Lair:2   | Banished eXcel's ghost
 14129 | Lair:2   | HP: 5/103 [spiny frog (16)]
 14138 | Lair:2   | HP: 3/103 [hippogriff (4)]
 14138 | Lair:2   | Slain by a hippogriff

Skill      XL: |  1  2  3  4  5  6  7  8  9 10 11 |
---------------+----------------------------------+-----
Dodging        | 1 2 |  2.3
Axes           | 2 3 4 5 6 7 8 10 | 10.4
Armour         | 2 3 4 6 7 9 10 | 10.7
Fighting       | 4 5 6 7 8 |  8.5
Invocations    | 3 4 6 7 8 |  8.8
Shields        | 1 |  1.1
Throwing       | |  0.3

Action                   |  1- 3 |  4- 6 |  7- 9 | 10-12 || total
-------------------------+-------+-------+-------+-------++-------
Melee: Hand axe          |   100 |   391 |   607 |   232 ||  1330
       War axe           |       |       |       |   205 ||   205
       Battleaxe         |       |       |       |   251 ||   251
Throw: Tomahawk          |       |       |       |     2 ||     2
Invok: Depart the Abyss  |     1 |       |       |       ||     1
       Banish            |       |       |     2 |     7 ||     9
Evoke: Wand              |       |       |     2 |       ||     2
  Use: Scroll            |     2 |     9 |     7 |     7 ||    25
       Potion            |       |       |     4 |     5 ||     9
  Eat: Chunk             |    15 |    41 |    39 |   104 ||   199
       Meat ration       |       |     1 |       |       ||     1
Armor: Leather armour    |    34 |    16 |       |       ||    50
       Ring mail         |       |    83 |       |       ||    83
       Plate armour      |       |   173 |   506 |   729 ||  1408
Dodge: Dodged            |    66 |   205 |   181 |   291 ||   743
Block: Buckler           |       |       |       |    62 ||    62
